 Dungeon Crawl Stone Soup version 0.20-a0-945-g3bf614a (console) character file.

350 pagos the Skirmisher (level 6, -4/58 HPs)
             Began as a Minotaur Monk on Apr 2, 2017.
             Slain by JeffiDaFish's ghost (6 damage)
             ... on level 4 of the Dungeon.
             The game lasted 00:08:14 (2253 turns).

pagos the Skirmisher (Minotaur Monk)                Turns: 2253, Time: 00:08:15

Health: -4/58      AC:  8    Str: 15 (17) XL:     6   Next: 34%
Magic:  14/14      EV: 12    Int:  4 (7)  God:
Gold:   135        SH:  0    Dex: 12 (13) Spells: 5/5 levels left

rFire    . . .     SeeInvis .   y - +0 quarterstaff (speed)
rCold    . . .     Gourm    .   (shield currently unavailable)
rNeg     . . .     Faith    .   u - +0 scale mail
rPois    .         Spirit   .   (helmet restricted)
rElec    .         Reflect  .   j - +0 cloak
rCorr    .         Harm     .   (no gloves)
MR       .....                  (no boots)
Stlth    +.........             (no amulet)
Regen    0.2/turn               l - ring of magical power
MPRegen  0.2/turn               (no ring)

@: no status effects
A: retaliatory headbutt, horns 2
a: no special abilities


You were on level 4 of the Dungeon.
You were not hungry.

You visited 1 branch of the dungeon, and saw 4 of its levels.

You collected 135 gold pieces.

Inventory:

Hand Weapons
 a - a +1 short sword of flaming
 y - a +0 quarterstaff of speed (weapon)
Armour
 j - a +0 cloak (worn)
 u - a +0 scale mail (worn)
Jewellery
 l - a ring of magical power (left hand)
 t - an uncursed ring of wizardry
Wands
 m - a wand of random effects (32/48)
 w - a wand of digging (12/24)
Scrolls
 c - 4 scrolls of remove curse
 d - a scroll of fear
 h - 2 scrolls of identify {unknown}
 p - a scroll of teleportation
 r - a scroll of random uselessness {unknown}
 s - a scroll of magic mapping {unknown}
 v - a scroll of fog {unknown}
Potions
 e - a potion of lignification {unknown}
 f - a potion of degeneration
 k - a potion of invisibility {unknown}
 n - a potion of resistance {unknown}
 o - 2 potions of haste {unknown}
 q - a potion of curing {unknown}
 z - a potion of heal wounds {unknown}
Comestibles
 b - 4 bread rations
 g - a meat ration
 i - a royal jelly
 x - 5 chunks of flesh
 A - 4 fruits


   Skills:
 + Level 6.4 Fighting
 * Level 2.0 Staves
 + Level 4.1 Armour
 + Level 5.8 Dodging
 - Level 3.2 Stealth


You had 5 spell levels left.
You didn't know any spells.

Dungeon Overview and Level Annotations

Branches:
Dungeon (4/15)
 Temple: D:4-7

Altars:
Fedhas
Xom

Annotations:
D:4 JeffiDaFish's ghost, amateur GrFi


Innate Abilities, Weirdness & Mutations

You reflexively headbutt those who attack you in melee.
You have a pair of horns on your head.


Message History

You headbutt JeffiDaFish's ghost.
JeffiDaFish's ghost is lightly damaged.
JeffiDaFish's ghost misses you.
You hit JeffiDaFish's ghost but do no damage.
JeffiDaFish's ghost is lightly damaged.
JeffiDaFish's ghost hits you.
* * * LOW HITPOINT WARNING * * *
You hit JeffiDaFish's ghost.
JeffiDaFish's ghost is moderately damaged.
You feel sick.
You are no longer poisoned.
You hit JeffiDaFish's ghost. You headbutt JeffiDaFish's ghost.
JeffiDaFish's ghost is heavily damaged.
JeffiDaFish's ghost hits you!
* * * LOW HITPOINT WARNING * * *
It was a potion of degeneration.
There was something very wrong with that liquid.
You feel weakened.
You feel dopey.
You feel clumsy. JeffiDaFish's ghost hits you.
You die...

#.......# #.......# #####
#.......# #... #.......####.####
######
.#########.......#.......###.....
......>.)................'..<....
######.#####.............####...#
... #.............#.#.#.#. #...
#.....W#........<..... #...
####....@.#.#....#.#รท#.##
#...##......)..).............#
#..........$..........#.#.#.#.
#.#..............#...........#
##.#######.###..###.#.#.## #. .#
#..# #....#. # .# #. #.... .. +#
... . .....


You could see JeffiDaFish's ghost.

Vanquished Creatures
  Edmund (D:4)
  Terence (D:2)
  Jessica (D:2)
  Ijyb (D:3)
  A worker ant (D:4)
  Robin (D:3)
  5 adders
  2 worms (D:2)
  2 leopard geckos
  2 orcs (D:3)
  5 giant cockroaches
  12 goblins
  5 hobgoblins
  8 jackals (D:2)
  6 kobolds
  A quokka (D:4)
  5 ball pythons
  8 bats
  4 frilled lizards
  5 rats
76 creatures vanquished.

Vanquished Creatures (others)
  A goblin (D:3)
1 creature vanquished.

Grand Total: 77 creatures vanquished

Notes
Turn   | Place    | Note
-------+----------+-------------------------------------------
     0 | D:1      | pagos the Minotaur Monk began the quest for the Orb.
     0 | D:1      | Reached XP level 1. HP: 22/22 MP: 0/0
   124 | D:1      | Reached skill level 5 in Fighting
   158 | D:1      | Reached XP level 2. HP: 18/29 MP: 1/1
   738 | D:2      | Noticed Terence
   748 | D:2      | Killed Terence
   748 | D:2      | Reached skill level 1 in Armour
   748 | D:2      | Reached XP level 3. HP: 28/36 MP: 2/2
   755 | D:2      | Reached skill level 5 in Dodging
   826 | D:2      | Reached XP level 4. HP: 40/44 MP: 3/3
   927 | D:2      | Noticed Jessica
   932 | D:2      | Killed Jessica
   991 | D:2      | Reached skill level 6 in Fighting
  1039 | D:2      | Found a blossoming altar of Fedhas.
  1276 | D:2      | Reached XP level 5. HP: 45/50 MP: 4/4
  1382 | D:3      | Noticed Robin
  1392 | D:3      | Killed Robin
  1443 | D:3      | Found a shimmering altar of Xom.
  1511 | D:3      | Noticed Ijyb
  1531 | D:3      | Killed Ijyb
  2196 | D:4      | Noticed Edmund
  2222 | D:4      | Killed Edmund
  2222 | D:4      | Reached skill level 1 in Staves
  2222 | D:4      | Reached XP level 6. HP: 21/58 MP: 5/5
  2241 | D:4      | Noticed JeffiDaFish's ghost (amateur GrFi)
  2252 | D:4      | HP: 2/58 [JeffiDaFish's ghost (11)]
  2253 | D:4      | Slain by JeffiDaFish's ghost

Vault maps used:
D:1:      minmay_arrival_jagged
D:2:      marbit_many_paths, first_bread, uniq_jessica, uniq_terence
D:3:      xom_teletrap_fun, uniq_robin, uniq_iyjb
D:4:      lemuel_crystal_altar, st_stairs_8, kennysheep_generic_room_14,
          uniq_edmund, uniq_pikel, uniq_natasha

Skill      XL: |  1  2  3  4  5  6 |
---------------+-------------------+-----
Fighting       | 5 6 |  6.4
Armour         | 1 2 4 |  4.1
Dodging        | 5 |  5.8
Staves         | 1 2 |  2.0
Stealth        | |  3.2

Action                   |  1- 3 |  4- 6 || total
-------------------------+-------+-------++-------
Melee: Unarmed           |    37 |       ||    37
       Headbutt          |    10 |    25 ||    35
       Hand axe          |    34 |   116 ||   150
       Quarterstaff      |       |    43 ||    43
  Use: Scroll            |       |     3 ||     3
       Potion            |       |     1 ||     1
 Stab: Sleeping          |     3 |     3 ||     6
  Eat: Chunk             |       |     5 ||     5
Armor: Robe              |     5 |       ||     5
       Leather armour    |     8 |    12 ||    20
       Scale mail        |       |    41 ||    41
Dodge: Dodged            |    51 |   117 ||   168
